 Dungeon Crawl Stone Soup version 0.31-a0-1074-g0b22e4e0f1 (webtiles) character file.

Game seed: 13644896310582937826

144 73612iajs the Ruffian (level 5, -1/50 HPs)
             Began as a Troll Gladiator on Dec 6, 2023.
             Was a High Priest of Ignis.
             Succumbed to hgbash's ghost's poison
             ... on level 3 of the Dungeon.
             The game lasted 00:22:34 (3339 turns).

73612iajs the Ruffian (Troll Gladiator)             Turns: 3339, Time: 00:22:35

Health: -1/50      AC:  4    Str: 22    XL:     5   Next: 5%
Magic:  4/4        EV: 25    Int:  6    God:    Ignis [*****.]
Gold:   133        SH:  0    Dex: 11    Spells: 4/4 levels left

rFire   + . .        m - +1 dagger (elec)
rCold   . . .        (no shield)
rNeg    . . .        a - +0 robe
rPois   .            b - +0 hat
rElec   .            (no cloak)
rCorr   +            (gloves unavailable)
SInv    .            (boots unavailable)
Will    .....        g - amulet of the acrobat
Stlth   +            l - ring of resist corrosion
HPRegen 1.08/turn    (no ring)
MPRegen 0.09/turn

%: acrobat
@: lethally poisoned (-1 -> -10), acrobatic
A: large, unfitting armour, claws 3, regeneration 1, shaggy fur 1, tough skin 1
a: Renounce Religion, Fiery Armour, Foxfire Swarm, Rising Flame


You were on level 3 of the Dungeon.
You worshipped Ignis.
Ignis was extremely pleased with you.
You visited 1 branch of the dungeon, and saw 3 of its levels.

You collected 133 gold pieces.

Inventory:

Hand Weapons
 e - a +0 whip
 h - a +0 dagger
 i - a +0 club
 m - a +1 dagger of electrocution (weapon)
 n - a +0 short sword
 v - a +0 hand axe
 y - a +0 club
 A - a +0 sling
 E - a +0 morningstar
 F - a +0 whip
 J - a +1 dagger of venom
 K - a +0 club
 L - a +0 club
 M - a +3 dagger of freezing
 N - a +0 dagger
 O - a +0 dagger
 P - a +0 dagger
 Q - a +0 dagger
 R - a +0 whip
 U - a +1 antimagic shortbow
Missiles
 c - 3 throwing nets (quivered)
 d - a large rock
Armour
 a - a +0 robe (worn)
 b - a +0 hat (worn)
 q - a +0 helmet
 B - a +0 ring mail
 C - a +0 leather armour
 D - a +0 ring mail
 I - a +0 scale mail
 S - a +0 animal skin
 T - a +0 helmet
Magical Staves
 r - a staff of air
Jewellery
 g - an amulet of the acrobat (around neck)
 l - a ring of resist corrosion (left claw)
 z - a ring of magical power
Talismans
 f - a beast talisman
 o - a flux talisman
Scrolls
 s - a scroll of torment {unknown}
 t - 2 scrolls of teleportation
 u - a scroll of revelation {unknown}
 w - a scroll of blinking {unknown}
 x - a scroll of acquirement {unknown}
 G - 2 scrolls of vulnerability {unknown}
Potions
 j - a potion of degeneration {unknown}
 k - 2 potions of mutation {unknown}
 p - 2 potions of haste {unknown}
 H - a potion of lignification {unknown}


   Skills:
 + Level 2.3 Fighting
 + Level 1.4 Short Blades
 + Level 2.1 Throwing
 + Level 3.0 Dodging
 + Level 0.4 Stealth
 + Level 3.9 Unarmed Combat


You had 4 spell levels left.
You didn't know any spells.
Your spell library was empty.

Dungeon Overview and Level Annotations

Branches:
Dungeon (3/15)

Altars:
Ignis


Innate Abilities, Weirdness & Mutations

You are too large for most types of armour.
You have claws for hands.
Your natural rate of healing is unusually fast.
You are covered in fur. (AC +1)
You have tough skin. (AC +1)


Message History

You are more poisoned.
You hit hgbash's ghost.
Hgbash's ghost is lightly damaged.
You feel very sick.
Hgbash's ghost hits you but does no damage.
You are more poisoned.
You feel very sick. Hgbash's ghost closely misses you.
You feel very sick. Hgbash's ghost barely misses you.
You hit hgbash's ghost.
Hgbash's ghost is moderately damaged.
You feel very sick. Hgbash's ghost barely misses you.
You hit hgbash's ghost.
Hgbash's ghost is moderately damaged.
You feel very sick. Hgbash's ghost hits you.
You hit hgbash's ghost.
Lightning courses through hgbash's ghost!
Hgbash's ghost is almost destroyed.
You feel sick.
Hgbash's ghost hits you but does no damage.
You are more poisoned.
You barely miss hgbash's ghost.
Hgbash's ghost is almost destroyed.
* * * LOW HITPOINT WARNING * * *
You feel very sick.
Hgbash's ghost hits you but does no damage.
You are lethally poisoned!
You completely miss hgbash's ghost.
Hgbash's ghost is almost destroyed.
* * * LOW HITPOINT WARNING * * *
You feel very sick.
You hit hgbash's ghost.
You destroy hgbash's ghost!
* * * LOW HITPOINT WARNING * * *
You feel very sick.
You have reached level 5!
You die...

#####.# ##...#..
######.....#
#######..........#
#P8P#...####.....#
#.?.##### ##...## #
##'## ####.####
#.####...# #^......#
#.#....@.# ##.##.##.#
#...###..######........#
#...####......#.....>..#
#.....##......#...###..#
###.#.##..............†.
#.#.##......#........#
#...........#...##...#
###.#########........#
#.# ###......#


There were no monsters in sight!

Vanquished Creatures
  The ghost of hgbash the Changeling, a weakling OpSh (D:3)
  Robin (D:3)
  3 adders (D:2)
  A worm (D:2)
  2 dart slugs (D:1)
  An orc (D:3)
  2 bats (D:2)
  9 endoplasms
  A giant cockroach (D:3)
  12 goblins
  6 hobgoblins
  2 jackals (D:3)
  3 quokkas
  3 ball pythons
  3 frilled lizards
  5 kobolds
  5 rats
60 creatures vanquished.

Notes
Turn   | Place    | Note
-------+----------+-------------------------------------------
     0 | D:1      | 73612iajs the Troll Gladiator began the quest for the Orb.
     0 | D:1      | Reached XP level 1. HP: 19/19 MP: 0/0
   300 | D:1      | Reached XP level 2. HP: 27/27 MP: 1/1
  1564 | D:2      | Reached XP level 3. HP: 34/35 MP: 2/2
  2072 | D:2      | Found a faded altar of an unknown god.
  2138 | D:2      | Prayed at the altar of an unknown god.
  2138 | D:2      | Became a worshipper of Ignis, the Dying Flame
  2399 | D:2      | Reached XP level 4. HP: 39/42 MP: 3/3
  3221 | D:3      | Noticed Robin
  3245 | D:3      | Killed Robin
  3249 | D:3      | Reached skill level 1 in Short Blades
  3316 | D:3      | Found a runed translucent door.
  3316 | D:3      | Noticed hgbash's ghost (weakling OpSh)
  3338 | D:3      | Killed hgbash's ghost
  3338 | D:3      | HP: 1/42 [poisoned by hgbash's ghost]
  3339 | D:3      | Reached XP level 5. HP: 2/50 MP: 4/4
  3339 | D:3      | Succumbed to hgbash's ghost's poison

Illustrated notes

Levels and vault maps discovered:
D:1:      dpeg_chamrin_arrival_tetris, layout_basic
D:2:      layout_basic, shapermc_ecumenical_altar_mp_highgroup
D:3:      layout_loops_cross, gammafunk_ghost_grave, uniq_robin, uniq_natasha

Skill      XL: |  1  2  3  4 |
---------------+-------------+-----
Throwing       | 2 |  2.1
Fighting       | 2 |  2.3
Dodging        | 3 |  3.0
Short Blades   | 1 |  1.4
Stealth        | |  0.4
Unarmed Combat | |  3.9

Action                     |  1- 3 |  4- 6 || total
---------------------------+-------+-------++-------
  Melee: Unarmed           |    47 |       ||    47
         Dagger            |    82 |    73 ||   155
         Staff             |     3 |       ||     3
  Throw: Throwing net      |     2 |       ||     2
         Large rock        |     1 |       ||     1
    Use: Scroll            |     2 |       ||     2
 Armour: Robe              |   100 |    65 ||   165
  Dodge: Dodged            |   112 |    59 ||   171

Table legend: (Time is in decaauts)
 A = Elapsed time spent in this place.
 B = Non-inter-level travel time spent in this place.
 C = Inter-level travel time spent in this place.
 D = Time resting spent in this place.
 E = Time spent auto-exploring this place.
 F = Levels seen in this place.
 G = Mean time per level.
                   A        B        C        D        E       F      G
               +--------+--------+--------+--------+--------+-----+--------+
         Total |   3335 |   3267 |     68 |      0 |    171 |   3 | 1111.7 |
       Dungeon |   3335 |   3267 |     68 |      0 |    171 |   3 | 1111.7 |
               +--------+--------+--------+--------+--------+-----+--------+

Top non-repeatable levels by time:
     D:1: 1544 daAuts
     D:2: 1406 daAuts
     D:3: 384 daAuts
